 Dungeon Crawl Stone Soup version 0.28-a0-1518-gbe868bca14 (webtiles) character file.

Game seed: 10871470195757273105

5756 Wonz the Covert (level 10, 0/46 HPs)
             Began as a Spriggan Enchanter on Jan 17, 2022.
             Was a Priest of Dithmenos.
             Shot with an arrow by a centaur warrior (33 damage)
             ... on level 8 of the Dungeon.
             The game lasted 00:26:48 (11397 turns).

Wonz the Covert (Spriggan Enchanter)               Turns: 11397, Time: 00:26:48

Health: 0/46       AC:  5    Str: 14    XL:     10   Next: 49%
Magic:  25/25      EV: 24    Int: 16    God:    Dithmenos [***...]
Gold:   377        SH:  0    Dex: 20    Spells: 19/30 levels left

rFire   . . .      SeeInvis +   i - +3 dagger (venom)
rCold   . . .      Faith    .   (no shield)
rNeg    . . .      Spirit   .   d - +0 steam dragon scales
rPois   .          Reflect  .   (helmet restricted)
rElec   .          Harm     .   s - scarf {+Inv}
rCorr   .          Rampage  .   (gloves unavailable)
Will    +....                   (boots unavailable)
Stlth   ++++++++..              (no amulet)
HPRegen 0.15/turn               o - +6 ring of strength
MPRegen 0.19/turn               e - ring of Tulips {EV+4 Dex+3 SInv}

@: wreathed by umbra, very quick
A: very small, no large weapons, unfitting armour, see invisible, speed 3
a: Renounce Religion, Evoke Invisibility, Shadow Step


You were on level 8 of the Dungeon.
You worshipped Dithmenos.
Dithmenos was most pleased with you.
You visited 2 branches of the dungeon, and saw 9 of its levels.
You also visited: Sewer and Bailey.

You collected 377 gold pieces.

Inventory:

Hand Weapons
 a - a +1 dagger
 i - a +3 dagger of venom (weapon)
 k - a +2 dagger of chaos
 v - a +2 dagger of speed
Missiles
 g - 26 poisoned darts (quivered)
 w - a curare-tipped dart
Armour
 b - a +1 robe
 d - +0 steam dragon scales (worn)
 s - a scarf of invisibility (worn)
Jewellery
 e - the ring of Tulips (right hand) {EV+4 Dex+3 SInv}
   (You found it in a bailey)

   [ring of evasion]

   EV:        It affects your evasion (+4).
   Dex:       It affects your dexterity (+3).
   SInv:      It lets you see invisible.
 f - a ring of resist corrosion
 j - a ring of wizardry
 o - a +6 ring of strength (left hand)
 u - a ring of wizardry
Wands
 l - a wand of paralysis (11)
 n - a wand of charming (14)
 p - a wand of flame (16)
 y - a wand of iceblast (8)
Scrolls
 q - a scroll of fear
 r - 2 scrolls of blinking
 t - 3 scrolls of teleportation
Potions
 c - 3 potions of invisibility
 h - 3 potions of curing
 m - a potion of lignification
 x - a potion of might {unknown}


   Skills:
 + Level 2.0 Fighting
 + Level 3.0 Short Blades
 + Level 4.6 Dodging
 + Level 12.8 Stealth
 + Level 10.9 Spellcasting
 + Level 11.2 Hexes
 + Level 3.2 Evocations


You had 19 spell levels left.
You knew the following spells:

 Your Spells              Type           Power      Damage    Failure   Level
a - Ensorcelled Hibernat  Hex/Ice        52%        N/A       1%          2
b - Tukima's Dance        Hex            44%        N/A       1%          3
c - Dazzling Flash        Conj/Hex       52%        N/A       2%          3
d - Confusing Touch       Hex            44%        N/A       1%          3

Your spell library contained the following spells:

 Spells                   Type           Power      Damage    Failure   Level
 Inner Flame              Hex/Fire       26%        N/A       2%          3
 Animate Skeleton         Necr           16%        N/A       9%          1
 Beastly Appendage        Tmut           16%        N/A       9%          1
 Foxfire                  Conj/Fire      32%        2x1d5     9%          1
 Pain                     Necr           32%        1d5       9%          1
 Anguish                  Hex/Necr       13%        N/A       9%          4
 Wereblood                Tmut           8%         N/A       13%         2
 Conjure Flame            Conj/Fire      8%         6-21      26%         3
 Gell's Gravitas          Tloc           8%         N/A       26%         3
 Lesser Beckoning         Tloc           8%         N/A       26%         3
 Spider Form              Tmut/Pois      8%         N/A       26%         3
 Teleport Other           Tloc           8%         N/A       26%         3
 Vampiric Draining        Necr           8%         2d6       26%         3
 Flame Wave               Conj/Fire      8%         2d4       63%         4


Dungeon Overview and Level Annotations

Branches:
Dungeon (8/15)             Temple (1/1) D:5           Sewer (visited)
 Bailey (visited)
   Lair: D:8-11

Altars:
Ashenzari
Cheibriados
Dithmenos
Elyvilon
Fedhas
Gozag
Hepliaklqana
Kikubaaqudgha
Makhleb
Nemelex Xobeh
Okawaru
Qazlal
Sif Muna
Trog
Uskayaw
Vehumet
Wu Jian
Xom
Yredelemnul
Zin
The Shining One

Annotations:
D:3 2 transporters, chipmonk's ghost, amateur DECj


Innate Abilities, Weirdness & Mutations

You are very small and have problems with some larger weapons.
You are too small for most types of armour.
You have supernaturally acute eyesight. (SInv)
You cover ground extremely quickly. (Speed+++)


Message History

r - Retreat! s - Stop attacking. g - Guard the area. f - Follow me.
Anything else - Cancel.
You shout for attention!
The six-headed hydra roars!
Casting: Ensorcelled Hibernation (safe; 1% risk of failure)
Confirm with . or Enter, or press ? or * to list all spells.
Aiming: Ensorcelled Hibernation (safe; 1% risk of failure)
Press: ? - help, Shift-Dir - straight line, f/p - six-headed hydra
Aim: a six-headed hydra (wandering, hasn't noticed you, umbra, chance to affect: 23%)
The six-headed hydra looks drowsy...
The helpless six-headed hydra fails to defend itself.
You perforate the six-headed hydra like a sieve!!!
You kill the six-headed hydra!
Dithmenos accepts your kill.
Your Fighting skill increases to level 2!
Your Short Blades skill increases to level 3!
Your Evocations skill increases to level 3!
Unknown command.
Okay, then.
Unknown command.
Okay, then.
Unknown command.
Unknown command.
You flicker for a moment.
You flicker back into view.
Found a scale mail.
Found a leather armour.
You see here a +0 leather armour.
Found a long sword.
Okay, then.
You see here a +0 long sword.
A centaur warrior comes into view.
Found 25 bolts.
The centaur warrior shouts!
The centaur warrior wields a +0 longbow.
The centaur warrior shoots an arrow.
The arrow misses you.
Found 21 arrows.
The centaur warrior shoots an arrow.
The arrow hits you!
The centaur warrior shoots an arrow.
The arrow hits you!!
Ouch! That really hurt!
You die...

.# ########.#.#.# .#
#..........#.# .#
#.##########.# .# #.#
#.# .# #.# #.# .#######
#.# #.. .......# #)#
#####
...)<).######.####....(.
................@..(...#
..............####c###.#
......)######.# #
.......# #.# ......)#
#.# ...##### #.# ....
..# .## ## .


You could see a centaur warrior.

Vanquished Creatures
  A hydra (D:8)
  2 orc knights (Bailey)
  Psyche (D:8)
  An unseen horror (D:7)
  2 steam dragons
  2 water moccasins
  7 orc warriors
  An ice beast (D:8)
  A sky beast (D:8)
  An ogre (D:6)
  A phantom (D:6)
  2 kobold brigands (D:8)
  4 bullfrogs
  3 scorpions
  A water moccasin zombie (D:5)
  5 killer bees (D:8)
  2 howler monkeys (D:8)
  5 hounds
  A bullfrog skeleton (D:5)
  An orc priest (D:8)
  A centaur zombie (D:8)
  A gnoll shaman (D:8)
  A jelly (D:6)
  An iguana (D:5)
  7 orc wizards
  2 killer bee zombies
  Robin (D:4)
  4 gnolls (D:8)
  A howler monkey skeleton (D:7)
  5 adders
  A river rat (D:6)
  2 shadow imps
  3 ufetubi (D:5)
  A worm (D:5)
  A dart slug (D:3)
  40 orcs
  12 ball pythons
  10 endoplasms
  14 giant cockroaches
  14 goblins
  10 hobgoblins
  9 quokkas
  3 bats
  13 frilled lizards
  17 kobolds
  12 rats
230 creatures vanquished.

Vanquished Creatures (collateral kills)
  Sigmund (D:2)
  2 orc warriors (Bailey)
  A wight (D:8)
  An orc wizard (D:7)
  A gnoll (D:8)
  13 orcs
  A bat (D:3)
  A goblin (D:7)
  2 hobgoblins (D:7)
23 creatures vanquished.

Vanquished Creatures (others)
  5 dancing weapons
  An orc warrior (Bailey)
  An adder (D:6)
7 creatures vanquished.

Grand Total: 260 creatures vanquished

Notes
Turn   | Place    | Note
-------+----------+-------------------------------------------
     0 | D:1      | Wonz the Spriggan Enchanter began the quest for the Orb.
     0 | D:1      | Reached XP level 1. HP: 9/9 MP: 5/5
   173 | D:1      | Reached XP level 2. HP: 12/13 MP: 7/7
   185 | D:2      | Learned a level 2 spell: Ensorcelled Hibernation
   200 | D:2      | Noticed Sigmund
   597 | D:2      | Reached XP level 3. HP: 10/16 MP: 9/9
   891 | D:1      | Learned a level 3 spell: Tukima's Dance
   895 | D:1      | Learned a level 3 spell: Dazzling Flash
  1112 | D:1      | Found a faded altar of an unknown god.
  2052 | D:2      | Killed Sigmund
  2053 | D:2      | Reached skill level 5 in Spellcasting
  2053 | D:2      | Reached XP level 4. HP: 16/21 MP: 6/12
  2053 | D:2      | Reached XP level 5. HP: 19/24 MP: 6/13
  2683 | D:3      | Found a transporter.
  2683 | D:3      | Noticed chipmonk's ghost (amateur DECj)
  2685 | D:3      | Found a transporter.
  3234 | D:4      | Noticed Robin
  3423 | D:4      | Killed Robin
  3424 | D:4      | Reached XP level 6. HP: 26/28 MP: 12/15
  3575 | D:4      | Reached skill level 5 in Stealth
  3630 | D:4      | Learned a level 3 spell: Confusing Touch
  4497 | D:5      | Entered Level 5 of the Dungeon
  4561 | D:5      | Reached skill level 6 in Stealth
  4851 | D:5      | Reached XP level 7. HP: 28/32 MP: 14/17
  5114 | D:5      | Found a burning altar of Makhleb.
  5184 | D:5      | Found a blossoming altar of Fedhas.
  5216 | D:5      | Reached skill level 7 in Stealth
  5263 | D:5      | Found a staircase to the Ecumenical Temple.
  5281 | Temple   | Entered the Ecumenical Temple
  6394 | D:6      | Found a shadowy altar of Dithmenos.
  6403 | D:6      | Became a worshipper of Dithmenos the Shadowed
  6469 | D:6      | Found a glowing drain.
  6485 | Sewer    | Entered a sewer
  6948 | Sewer    | Reached * piety under Dithmenos
  7290 | Sewer    | Reached skill level 8 in Stealth
  7290 | Sewer    | Reached XP level 8. HP: 24/36 MP: 12/20
  7543 | D:6      | Reached ** piety under Dithmenos
  7827 | D:6      | Reached skill level 9 in Stealth
  8506 | D:7      | Reached skill level 10 in Stealth
  8652 | D:7      | Found a flagged portal.
  8677 | D:7      | Reached XP level 9. HP: 22/39 MP: 1/23
  8704 | Bailey   | Entered a bailey
  9137 | Bailey   | Noticed an orc knight
  9137 | Bailey   | Noticed an orc knight
  9173 | Bailey   | Killed an orc knight
  9174 | Bailey   | Reached skill level 11 in Stealth
  9174 | Bailey   | Reached skill level 10 in Hexes
  9529 | Bailey   | Killed an orc knight
  9530 | Bailey   | Reached skill level 12 in Stealth
  9530 | Bailey   | Reached skill level 10 in Spellcasting
  9864 | Bailey   | Identified the ring of Tulips {EV+4 Dex+3 SInv}
 10115 | D:7      | Noticed an unseen horror
 10122 | D:7      | Killed an unseen horror
 10123 | D:7      | Reached skill level 1 in Evocations
 10330 | D:8      | Reached XP level 10. HP: 44/44 MP: 25/25
 10437 | D:8      | Reached *** piety under Dithmenos
 10633 | D:8      | Reached skill level 1 in Fighting
 10633 | D:8      | Noticed Psyche
 10685 | D:8      | Killed Psyche
 11108 | D:8      | Noticed a six-headed hydra
 11247 | D:8      | Killed a six-headed hydra
 11394 | D:8      | Noticed a centaur warrior
 11397 | D:8      | Shot with an arrow by a centaur warrior

Illustrated notes

Levels and vault maps discovered:
D:1:      roderic_chinese_lattice_arrival, layout_basic, basic_ecumenical_altar
D:2:      layout_loops_ring, uniq_sigmund
D:3:      layout_loops_cross, gammafunk_ghost_mausoleum, minmay_misc_feat_tiny,
          due_unseen_surprise
D:4:      layout_basic, serial_forest, infiniplex_forest_lined_1,
          infiniplex_forest_end_3, infiniplex_forest_end_1,
          infiniplex_forest_clump_small, infiniplex_forest_end_2,
          minmay_misc_feat_doors, chequers_serial_rivers_micro_b, uniq_robin
D:5:      layout_cave_pods, mainiacjoe_overflow_big_doors,
          minmay_temple_entry_butterflies
D:6:      layout_cave_pools, nicolae_dithmenos_shadow_blocks,
          gup_sewer_entry_bubbles
D:7:      layout_basic, enter_bailey_4
D:8:      layout_loops_ring, minmay_puff, uniq_psyche
Temple:   dpeg_five_rooms_temple

Skill      XL: |  1  2  3  4  5  6  7  8  9 10 |
---------------+-------------------------------+-----
Spellcasting   | 3 5 6 7 9 10 | 10.9
Hexes          | 4 6 7 9 10 11 | 11.2
Stealth        | 6 8 10 12 | 12.8
Dodging        | 3 4 |  4.6
Evocations     | 1 3 |  3.2
Fighting       | 2 |  2.0
Short Blades   | 3 |  3.0

Action                   |  1- 3 |  4- 6 |  7- 9 | 10-12 || total
-------------------------+-------+-------+-------+-------++-------
Melee: Dagger            |   117 |   158 |   303 |    93 ||   671
       Punch             |     1 |     2 |     2 |       ||     5
Throw: Dart              |     4 |       |     6 |       ||    10
 Cast: Ensorcelled Hiber |    15 |    17 |    40 |    23 ||    95
       Tukima's Dance    |     1 |    10 |    39 |     5 ||    55
       Confusing Touch   |       |     2 |     5 |     3 ||    10
       Dazzling Flash    |       |       |     1 |     1 ||     2
Evoke: Wand              |       |       |    13 |       ||    13
  Use: Scroll            |     4 |     5 |     3 |       ||    12
       Potion            |       |       |     8 |     1 ||     9
 Stab: Sleeping          |    26 |    16 |    34 |    12 ||    88
       Confused          |       |     2 |     4 |     3 ||     9
       Distracted        |       |       |     1 |     2 ||     3
Armor: Robe              |    16 |    17 |    22 |       ||    55
       Steam dragon scal |       |       |       |     5 ||     5
Dodge: Dodged            |    80 |   122 |   274 |    67 ||   543

Table legend: (Time is in decaauts)
 A = Elapsed time spent in this place.
 B = Non-inter-level travel time spent in this place.
 C = Inter-level travel time spent in this place.
 D = Time resting spent in this place.
 E = Time spent auto-exploring this place.
 F = Levels seen in this place.
 G = Mean time per level.
                   A        B        C        D        E       F      G
               +--------+--------+--------+--------+--------+-----+--------+
         Total |   8973 |   8677 |    296 |    635 |   5950 |  11 |  815.7 |
       Dungeon |   6808 |   6531 |    277 |    327 |   4680 |   8 |  851.0 |
        Temple |    176 |    157 |     19 |      0 |    150 |   1 |  176.0 |
         Sewer |    931 |    931 |      0 |     10 |    706 |   1 |  931.0 |
        Bailey |   1057 |   1057 |      0 |    298 |    412 |   1 | 1057.0 |
               +--------+--------+--------+--------+--------+-----+--------+

Top non-repeatable levels by time:
     D:5: 1203 daAuts
     D:2: 1165 daAuts
  Bailey: 1057 daAuts
     D:3: 971 daAuts
   Sewer: 931 daAuts
     D:6: 887 daAuts
     D:4: 883 daAuts
     D:8: 829 daAuts
     D:1: 463 daAuts
     D:7: 402 daAuts
  Temple: 176 daAuts
